 Dungeon Crawl Stone Soup version 0.25.1-2-g60ff931df9 (webtiles) character file.

Game seed: 7116465849057694371

160 funkygono the Cudgeler (level 5, -2/33 HPs)
             Began as a Gargoyle Monk on Oct 24, 2020.
             Slain by an ogre
             ... wielding a +0 giant club
              (14 damage)
             ... on level 2 of the Dungeon.
             The game lasted 00:04:30 (2458 turns).

funkygono the Cudgeler (Gargoyle Monk)              Turns: 2458, Time: 00:04:31

Health: -2/33      AC: 17    Str: 15    XL:     5   Next: 41%
Magic:  14/14      EV:  5    Int: 11    God:
Gold:   141        SH:  0    Dex: 12    Spells: 4/4 levels left

rFire    . . .     SeeInvis .   a - +5 mace
rCold    . . .     Gourm    .   (no shield)
rNeg     + . .     Faith    .   p - +0 plate armour
rPois    ∞         Spirit   .   (no helmet)
rElec    +         Reflect  .   (no cloak)
rCorr    +         Harm     .   (no gloves)
MR       .....                  n - +2 pair of boots
Stlth    ..........             (no amulet)
HPRegen  0.11/turn              j - ring of magical power
MPRegen  0.14/turn              b - ring of resist corrosion

@: no status effects
A: negative energy resistance 1, electricity resistance, unbreathing,
petrification resistance, rot immunity, AC +4
a: no special abilities


You were on level 2 of the Dungeon.
You were not hungry.

You visited 1 branch of the dungeon, and saw 3 of its levels.

You collected 141 gold pieces.

Inventory:

Hand Weapons
 a - a +5 mace (weapon)
Missiles
 e - 40 arrows
 g - 42 stones (quivered)
 h - 22 bolts
Armour
 n - a +2 pair of boots (worn)
 p - a +0 plate armour (worn)
Jewellery
 b - a ring of resist corrosion (right hand)
 j - a ring of magical power (left hand)
Scrolls
 d - a scroll of teleportation
 f - a scroll of remove curse
 i - a scroll of amnesia {unknown}
 o - 2 scrolls of identify
 q - 2 scrolls of fog
Potions
 k - 2 potions of curing
 l - a potion of haste
 r - a potion of stabbing {unknown}
Comestibles
 c - 6 rations
 m - 3 chunks of flesh


   Skills:
 + Level 4.0 Fighting
 + Level 4.8 Maces & Flails
 + Level 1.0 Armour
 + Level 3.1 Dodging
 - Level 2.1 Stealth


You had 4 spell levels left.
You didn't know any spells.
Your spell library was empty.

Dungeon Overview and Level Annotations

Branches:
Dungeon (3/15)

Altars:


Innate Abilities, Weirdness & Mutations

You are resistant to torment.
Your stone body is resilient. (AC +4)
You are immune to poison.
You resist negative energy. (rN+)
You are resistant to electric shocks. (rElec)
You can survive without breathing.
You are immune to petrification.
You are immune to rotting.


Message History

The ogre hits you with a +0 giant club!
Some of the chunks of flesh in your inventory have rotted away.
You barely miss the ogre.
The ogre is heavily wounded.
The ogre hits you with a +0 giant club!
Ouch! That really hurt!
* * * LOW HITPOINT WARNING * * *
Things that are here:
a cursed -1 mace; a hobgoblin skeleton You see here a jackal skeleton.
Okay, then.
You see here a +0 vorpal spear.
Things that are here:
a +0 halberd; a scroll of immolation; a +0 halberd
There is a stone staircase leading up here.
The ogre closely misses you.
You climb upwards.
There is a stone staircase leading down here.
The ogre hits you with a +0 giant club!
You die...

#.........>.
#...........
#.......#... #####
#.......#### ##...##
####.###....
##.<...#####...##..###
######
#....<............##
#....#
#...........##.####
#....####...>@..######.#
#...........O..## #..#
#...............# #.##
#....##.........# #.# #
####....##.........# #.#
# ..................##
##.# #
...........#.....## #..#
####
.......÷..#####..###
#.## #... ..........#
##...# #.# #...


You could see an ogre.

Vanquished Creatures
  4 adders
  6 gnolls
  2 oozes
  A worm (D:3)
  2 dart slugs
  A ball python (D:1)
  3 bats
  2 giant cockroaches
  7 goblins
  5 hobgoblins
  5 jackals (D:3)
  5 kobolds (D:1)
  2 frilled lizards
  8 rats
53 creatures vanquished.

Notes
Turn   | Place    | Note
-------+----------+-------------------------------------------
     0 | D:1      | funkygono the Gargoyle Monk began the quest for the Orb.
     0 | D:1      | Reached XP level 1. HP: 14/14 MP: 1/1
   140 | D:1      | Reached XP level 2. HP: 17/19 MP: 2/2
   715 | D:1      | Reached XP level 3. HP: 23/23 MP: 3/3
  1591 | D:2      | Reached XP level 4. HP: 29/29 MP: 4/4
  1960 | D:3      | Reached XP level 5. HP: 8/33 MP: 5/5
  2272 | D:3      | Found a faded altar of an unknown god.
  2346 | D:3      | Reached skill level 1 in Armour
  2405 | D:3      | Noticed an ogre
  2458 | D:2      | Slain by an ogre

Illustrated notes

Levels and vault maps discovered:
D:1:      matt_arrival_spirals, layout_loops_ring, minmay_hexomino_u4
D:2:      layout_rooms
D:3:      layout_basic, grunt_temple_overflow_diamond,
          gammafunk_ghost_necromancy, first_ration,
          chequers_ecumenical_altar_simple_redux

Skill      XL: |  1  2  3  4  5 |
---------------+----------------+-----
Maces & Flails | 4 |  4.8
Dodging        | 3 |  3.1
Fighting       | 4 |  4.0
Armour         | 1 |  1.0
Stealth        | |  2.1

Action                   |  1- 3 |  4- 6 || total
-------------------------+-------+-------++-------
Melee: Mace              |    92 |    61 ||   153
Throw: Stone             |     7 |     6 ||    13
  Use: Scroll            |     7 |     5 ||    12
       Potion            |     1 |       ||     1
 Stab: Sleeping          |     1 |       ||     1
  Eat: Chunk             |     2 |     3 ||     5
Armor: Robe              |    33 |       ||    33
       Plate armour      |     8 |    46 ||    54
Dodge: Dodged            |    60 |    16 ||    76
